 Dungeon Sprint DCSS version 0.26-a0-1101-g8f9f7f7418 (webtiles) character file.

Game seed: 11277889374030407833

4100000 Adamkad1 the Axe Maniac (level 21, -209/265 HPs)
             Began as a Demonspawn Gladiator on Dec 15, 2020.
             Was the Champion of Makhleb.
             Annihilated by a sculptor of flesh
             ... wielding a +9 great sword
              (250 damage)
             ... in the Dungeon (Sprint VIII: "Arena of Blood").
             The game lasted 00:01:57 (41 turns).

Adamkad1 the Axe Maniac (Demonspawn Gladiator)        Turns: 41, Time: 00:01:57

Health: -209/265   AC:  7    Str: 16    XL:     21   Next: 4%
Magic:  20/35      EV: 35    Int: 10    God:    Makhleb [******]
Gold:   0          SH:  0    Dex: 23    Spells: 40/40 levels left

rFire    . . .     SeeInvis .   k - +∞ Axe of Woe
rCold    . . .     Faith    .   (shield currently unavailable)
rNeg     . . .     Spirit   .   b - +0 leather armour
rPois    .         Reflect  .   (helmet unavailable)
rElec    .         Harm     .   (no cloak)
rCorr    .         Rampage  .   (no gloves)
Will     +....     NoTele   +   (no boots)
Stlth    +++++.....             (no amulet)
HPRegen  0.54/turn              (no ring)
MPRegen  0.24/turn              (no ring)

@: no status effects
A: horns 3, icy blue scales 2, demonic guardian 2, robust 3, spiny 3
a: Minor Destruction, Lesser Servant of Makhleb, Major Destruction, Greater
Servant of Makhleb, Renounce Religion


You were in the Dungeon.
You worshipped Makhleb.
Makhleb was exalted by your worship.
You visited 1 branch

Inventory:

Hand Weapons
 a - a +0 war axe
 k - the +∞ Axe of Woe (weapon)
   (You found it in the Dungeon)
Missiles
 d - 3 throwing nets (quivered)
Armour
 b - a +0 leather armour (worn)
 c - a +0 helmet
Scrolls
 j - a scroll of blinking
Potions
 e - a potion of curing
 f - a potion of heal wounds
 g - a potion of haste
 h - 2 potions of magic
 i - a potion of berserk rage


   Skills:
 O Level 27 Fighting
 + Level 10.2(11.8) Short Blades
 + Level 10.1(11.7) Long Blades
 O Level 27 Axes
 + Level 10.2(21.1) Maces & Flails
 + Level 10.3(21.1) Polearms
 + Level 10.3(13.3) Staves
 + Level 10.1(20.4) Slings
 + Level 10.2 Bows
 + Level 10.1 Crossbows
 O Level 27 Throwing
 + Level 10.2 Armour
 O Level 27 Dodging
 + Level 11.1 Stealth
 + Level 10.4 Shields
 + Level 10.0 Unarmed Combat
 + Level 10.2 Spellcasting
 + Level 11.0 Conjurations
 + Level 11.1 Hexes
 + Level 10.8 Summonings
 + Level 11.8 Necromancy
 + Level 10.2 Translocations
 + Level 10.2 Transmutations
 + Level 10.3 Fire Magic
 + Level 10.1 Ice Magic
 + Level 10.2 Air Magic
 + Level 10.1 Earth Magic
 + Level 11.1 Poison Magic
 + Level 14.0 Invocations
 + Level 11.1 Evocations


You had 40 spell levels left.
You didn't know any spells.
Your spell library was empty.

Dungeon Overview and Level Annotations

Branches:
Dungeon (1/1)

Altars:
Makhleb


Innate Abilities, Weirdness & Mutations

You have a pair of large horns on your head.
You are mostly covered in icy blue scales. (AC +3)
A demonic guardian rushes to your aid.
You are extremely robust. (+30% HP)
You are completely covered in sharp spines.


Message History

The destroyer blinks!
The eight-headed meat hydra calls on the powers of darkness!
The eight-headed meat hydra convulses!
The bag of meat convulses! x2
Your body is wracked with pain!
* * * LOW HITPOINT WARNING * * *
A destroyer comes into view. It is wielding a +9 vorpal great sword.
You hear a shout! x4
Items here: )))) ==== ††.
A bag of meat comes into view. It is wielding a +9 war axe.
You hear a shout!
The destroyer is engulfed in blazing flames.
You hear a shout!
The eight-headed meat hydra calls on the powers of darkness!
The eight-headed meat hydra convulses!
The bag of meat convulses!
Your body is wracked with pain!
* * * LOW HITPOINT WARNING * * *
You hear a shout!
The sculptor of flesh hits you with a +9 great sword!!!!!
Ouch! That really hurt!
You die...

.. ..... #. ...#
#.. ...# . .###..
...###..
......###......
......_.....
#.z..)# #_§@)_#
#.§V.)#
......§§))....O.
.oV...###........
o###.. ...###...
#.. .o.# .. #.
....# .. o...D
.o.....


You could see an eight-headed meat hydra, 2 destroyers, a sculptor of flesh and
3 bags of meat.

Vanquished Creatures
  2 vampire knights (D)
  6 ogres (D)
  A two-headed ogre (D)
  14 orcs (D)
23 creatures vanquished.

Notes
Turn   | Place    | Note
-------+----------+-------------------------------------------
     0 | D        | Found the +∞ Axe of Woe
     0 | D        | Adamkad1 the Demonspawn Gladiator began the quest for the
                  | Orb.
     0 | D        | Reached XP level 1. HP: 16/16 MP: 1/1
     1 | D        | Noticed a bag of meat
     2 | D        | Noticed a bag of meat
     3 | D        | Became a worshipper of Makhleb the Destroyer
     3 | D        | Noticed a bag of meat
     6 | D        | Killed a bag of meat
     6 | D        | Noticed a bag of meat
     7 | D        | Gained mutation: A weak demonic guardian rushes to your
                  | aid. [demonic ancestry]
     7 | D        | Reached XP level 2. HP: 40/40 MP: 2/2
     7 | D        | Gained mutation: You are partially covered in sharp spines.
                  | [demonic ancestry]
     7 | D        | Reached XP level 3. HP: 46/46 MP: 3/3
     7 | D        | Gained mutation: You have a pair of small horns on your
                  | head. [demonic ancestry]
     7 | D        | Reached XP level 4. HP: 53/53 MP: 4/4
     7 | D        | Gained mutation: You have a pair of horns on your head.
                  | [demonic ancestry]
     7 | D        | Reached XP level 5. HP: 59/59 MP: 5/5
     7 | D        | Reached XP level 6. HP: 66/66 MP: 6/6
     7 | D        | Gained mutation: You are partially covered in icy blue
                  | scales. (AC +2) [demonic ancestry]
     7 | D        | Reached XP level 7. HP: 72/72 MP: 7/7
     7 | D        | Reached XP level 8. HP: 79/79 MP: 8/8
     7 | D        | Gained mutation: You have a pair of large horns on your
                  | head. [demonic ancestry]
     7 | D        | Reached XP level 9. HP: 85/85 MP: 9/9
     7 | D        | Gained mutation: A demonic guardian rushes to your aid.
                  | [demonic ancestry]
     7 | D        | Reached XP level 10. HP: 92/92 MP: 10/10
     7 | D        | Gained mutation: You are mostly covered in icy blue scales.
                  | (AC +3) [demonic ancestry]
     7 | D        | Reached XP level 11. HP: 98/98 MP: 11/11
     8 | D        | Killed a bag of meat
     8 | D        | Reached * piety under Makhleb
     9 | D        | Reached skill level 15 in Fighting
     9 | D        | Gained mutation: You are robust. (+10% HP) [demonic
                  | ancestry]
     9 | D        | Reached XP level 12. HP: 65/121 MP: 12/12
     9 | D        | Killed a bag of meat
     9 | D        | Noticed a meat berserker
     9 | D        | Noticed a bag of meat
    10 | D        | Reached skill level 15 in Throwing
    10 | D        | Reached skill level 15 in Dodging
    10 | D        | Gained mutation: You are mostly covered in sharp spines.
                  | [demonic ancestry]
    10 | D        | Reached XP level 13. HP: 70/130 MP: 13/13
    10 | D        | Killed a meat berserker
    10 | D        | Noticed a bag of meat
    11 | D        | Gained mutation: You are completely covered in sharp
                  | spines. [demonic ancestry]
    11 | D        | Reached XP level 14. HP: 78/144 MP: 14/14
    11 | D        | Noticed a bag of meat
    11 | D        | Noticed a bag of meat
    13 | D        | Killed a bag of meat
    13 | D        | Reached ** piety under Makhleb
    14 | D        | Reached XP level 15. HP: 117/152 MP: 15/15
    14 | D        | Noticed a meat berserker
    16 | D        | Killed a meat berserker
    17 | D        | Reached XP level 16. HP: 167/167 MP: 16/16
    17 | D        | Noticed a meat berserker
    17 | D        | Reached *** piety under Makhleb
    17 | D        | Noticed a meat berserker
    18 | D        | Reached skill level 27 in Axes
    21 | D        | Gained mutation: You are very robust. (+20% HP) [demonic
                  | ancestry]
    21 | D        | Reached XP level 17. HP: 174/199 MP: 17/17
    22 | D        | Killed a meat berserker
    22 | D        | Reached **** piety under Makhleb
    23 | D        | Noticed a destroyer
    23 | D        | Killed a meat berserker
    24 | D        | Reached skill level 27 in Fighting
    24 | D        | Reached XP level 18. HP: 218/218 MP: 18/18
    25 | D        | Killed a destroyer
    26 | D        | Reached skill level 27 in Throwing
    26 | D        | Reached skill level 27 in Dodging
    26 | D        | Noticed a large bag of meat
    28 | D        | Reached skill level 5 in Necromancy
    28 | D        | Reached ***** piety under Makhleb
    29 | D        | Reached skill level 5 in Polearms
    29 | D        | Reached skill level 5 in Bows
    29 | D        | Reached skill level 5 in Stealth
    29 | D        | Reached skill level 5 in Spellcasting
    29 | D        | Reached skill level 5 in Conjurations
    29 | D        | Reached skill level 5 in Hexes
    29 | D        | Reached skill level 5 in Summonings
    29 | D        | Reached skill level 5 in Fire Magic
    29 | D        | Reached skill level 5 in Air Magic
    29 | D        | Reached skill level 5 in Earth Magic
    29 | D        | Reached skill level 5 in Poison Magic
    29 | D        | Reached skill level 5 in Evocations
    29 | D        | Reached XP level 19. HP: 226/226 MP: 18/26
    31 | D        | Reached skill level 5 in Short Blades
    31 | D        | Reached skill level 5 in Long Blades
    31 | D        | Reached skill level 5 in Maces & Flails
    31 | D        | Reached skill level 5 in Staves
    31 | D        | Reached skill level 5 in Slings
    31 | D        | Reached skill level 5 in Crossbows
    31 | D        | Reached skill level 5 in Armour
    31 | D        | Reached skill level 5 in Shields
    31 | D        | Reached skill level 5 in Unarmed Combat
    31 | D        | Reached skill level 5 in Translocations
    31 | D        | Reached skill level 5 in Transmutations
    31 | D        | Reached skill level 5 in Ice Magic
    32 | D        | Noticed a destroyer
    33 | D        | Noticed a meat berserker
    33 | D        | Noticed a meat berserker
    34 | D        | Noticed a destroyer
    35 | D        | Killed a large bag of meat
    35 | D        | Killed a meat berserker
    36 | D        | Reached skill level 10 in Necromancy
    36 | D        | Gained mutation: You are extremely robust. (+30% HP)
                  | [demonic ancestry]
    36 | D        | Reached XP level 20. HP: 210/256 MP: 19/32
    36 | D        | Killed a destroyer
    36 | D        | Noticed an eight-headed meat hydra
    37 | D        | Reached skill level 10 in Bows
    37 | D        | Reached skill level 10 in Stealth
    37 | D        | Reached skill level 10 in Shields
    37 | D        | Reached skill level 10 in Spellcasting
    37 | D        | Reached skill level 10 in Conjurations
    37 | D        | Reached skill level 10 in Hexes
    37 | D        | Reached skill level 10 in Summonings
    37 | D        | Reached skill level 10 in Fire Magic
    37 | D        | Reached skill level 10 in Poison Magic
    37 | D        | Reached skill level 10 in Evocations
    39 | D        | Reached skill level 10 in Short Blades
    39 | D        | Reached skill level 10 in Maces & Flails
    39 | D        | Reached skill level 10 in Polearms
    39 | D        | Reached skill level 10 in Staves
    39 | D        | Reached skill level 10 in Armour
    39 | D        | Reached skill level 10 in Translocations
    39 | D        | Reached skill level 10 in Transmutations
    39 | D        | Reached skill level 10 in Air Magic
    39 | D        | Killed a meat berserker
    39 | D        | Reached ****** piety under Makhleb
    39 | D        | Noticed a meat berserker
    40 | D        | Reached skill level 10 in Long Blades
    40 | D        | Reached skill level 10 in Slings
    40 | D        | Reached skill level 10 in Crossbows
    40 | D        | Reached skill level 10 in Unarmed Combat
    40 | D        | Reached skill level 10 in Ice Magic
    40 | D        | Reached skill level 10 in Earth Magic
    40 | D        | Reached XP level 21. HP: 154/265 MP: 20/35
    40 | D        | Noticed a destroyer
    41 | D        | Annihilated by a sculptor of flesh

Illustrated notes

Levels and vault maps discovered:
D:        meatsprint

Skill      XL: |  1  2  3  4  5  6  7  8  9 10 11 12 13 14 15 16 17 18 19 20 |
---------------+-------------------------------------------------------------+-----
Fighting       | 13 15 16 18 19 21 24 27 | 27.0
Axes           | 16 19 20 22 23 26 27 | 27.0
Throwing       | 12 14 15 17 18 20 22 25 27 | 27.0
Dodging        | 12 14 15 17 18 20 22 25 27 | 27.0
Short Blades   | 4 8 10 | 10.2
Long Blades    | 4 8 10 | 10.1
Maces & Flails | 4 8 10 | 10.2
Polearms       | 5 8 10 | 10.3
Staves         | 4 8 10 | 10.3
Slings         | 4 8 10 | 10.1
Bows           | 5 8 10 | 10.2
Crossbows      | 4 8 10 | 10.1
Armour         | 4 8 10 | 10.2
Stealth        | 5 9 11 | 11.1
Shields        | 4 8 10 | 10.4
Unarmed Combat | 4 8 10 | 10.0
Spellcasting   | 5 8 10 | 10.2
Conjurations   | 5 9 11 | 11.0
Hexes          | 5 9 11 | 11.1
Summonings     | 5 9 10 | 10.8
Necromancy     | 6 10 11 | 11.8
Translocations | 4 8 10 | 10.2
Transmutations | 4 8 10 | 10.2
Fire Magic     | 5 9 10 | 10.3
Ice Magic      | 4 8 10 | 10.1
Air Magic      | 5 8 10 | 10.2
Earth Magic    | 5 8 10 | 10.1
Poison Magic   | 5 9 11 | 11.1
Invocations    | 7 12 14 | 14.0
Evocations     | 5 9 11 | 11.1

Action                   |  1- 3 |  4- 6 |  7- 9 | 10-12 | 13-15 | 16-18 | 19-21 || total
-------------------------+-------+-------+-------+-------+-------+-------+-------++-------
Melee: Executioner's axe |     1 |       |       |     2 |     4 |     8 |     7 ||    22

Table legend: (Time is in decaauts)
 A = Elapsed time spent in this place.
 B = Non-inter-level travel time spent in this place.
 C = Inter-level travel time spent in this place.
 D = Time resting spent in this place.
 E = Time spent auto-exploring this place.
 F = Levels seen in this place.
 G = Mean time per level.
                   A        B        C        D        E       F      G
               +--------+--------+--------+--------+--------+-----+--------+
         Total |     36 |     36 |      0 |      0 |      0 |   1 |   36.0 |
       Dungeon |     36 |     36 |      0 |      0 |      0 |   1 |   36.0 |
               +--------+--------+--------+--------+--------+-----+--------+

Top non-repeatable levels by time:
       D: 36 daAuts
